 Dungeon Crawl Stone Soup version 0.29-a0-723-gce39da1c22 (webtiles) character file.

Game seed: 8870806568277424570

696 sammy202020 the Trooper (level 7, 0/59 HPs)
             Began as a Palentonga Fighter on June 28, 2022.
             Slain by a gnoll sergeant
             ... wielding a +0 spear
              (8 damage)
             ... on level 5 of the Dungeon.
             The game lasted 00:07:10 (4723 turns).

sammy202020 the Trooper (Palentonga Fighter)        Turns: 4723, Time: 00:07:11

Health: 0/59       AC: 22    Str: 19    XL:     7   Next: 37%
Magic:  7/7        EV:  5    Int: 10    God:
Gold:   218        SH:  5    Dex: 14    Spells: 6/6 levels left

rFire   . . .      SeeInvis +   a - +1 war axe
rCold   + + .      Faith    .   c - +0 buckler
rNeg    + . .      Spirit   .   b - +0 scale mail
rPois   +          Reflect  .   (no helmet)
rElec   .          Harm     .   x - +0 cloak
rCorr   .          Rampage  .   (no gloves)
Will    .....                   f - +3 barding "Kogrerchyqa" {rPois rC++ Dex+4}
Stlth   ..........              (no amulet)
HPRegen 0.19/turn               d - ring of positive energy
MPRegen 0.10/turn               (no ring)

@: lethally poisoned (0 -> -2), curled up
A: large, rugged brown scales 3, see invisible, deformed body, roll 1, armoured
tail, reflexive curl
a: Rolling Charge


You were on level 5 of the Dungeon.
You visited 2 branches of the dungeon, and saw 6 of its levels.

You collected 218 gold pieces.

Inventory:

Hand Weapons
 a - a +1 war axe (weapon)
 h - a +0 flail
 j - a +0 mace
 s - a +0 sling of freezing
 w - the +7 hammer "Hygudumyn" {pain, rPois Will+}
   (You found it on level 5 of the Dungeon)

   In the hands of one skilled in necromantic magic, it inflicts extra damage on
   living creatures.
   rPois:     It protects you from poison.
   Will:      It increases your willpower.
Missiles
 i - a throwing net
Armour
 b - a +0 scale mail (worn)
 c - a +0 buckler (worn)
 f - the +3 barding "Kogrerchyqa" (worn) {rPois rC++ Dex+4}
   (You acquired it on level 2 of the Dungeon)

   Dex:       It affects your dexterity (+4).
   rC:        It greatly protects you from cold.
   rPois:     It protects you from poison.
 x - a +0 cloak (worn)
Jewellery
 d - a ring of positive energy (left hand)
Wands
 r - a wand of quicksilver (13)
 A - a wand of flame (17)
Scrolls
 o - a scroll of silence
 t - a scroll of magic mapping
Potions
 e - a potion of degeneration
 k - a potion of attraction
 l - 2 potions of lignification
 m - a potion of flight
 n - a potion of heal wounds
 p - a potion of curing {unknown}
 q - a potion of haste {unknown}
 u - 2 potions of magic {unknown}
 z - a potion of invisibility {unknown}


   Skills:
 * Level 5.5 Fighting
 * Level 5.1 Axes
 + Level 3.6 Armour
 + Level 3.9 Shields


You had 6 spell levels left.
You didn't know any spells.
Your spell library contained the following spells:

 Spells                   Type           Power      Damage    Failure   Level
 Gell's Gravitas          Tloc           0%         N/A       99%         3
 Lesser Beckoning         Tloc           0%         N/A       99%         3
 Teleport Other           Tloc           0%         N/A       99%         3


Dungeon Overview and Level Annotations

Branches:
Dungeon (5/15)             Temple (1/1) D:4

Altars:
Ashenzari
Cheibriados
Dithmenos
Gozag
Hepliaklqana
Kikubaaqudgha
Nemelex Xobeh
Okawaru
Qazlal
Uskayaw
Wu Jian
Xom
Yredelemnul
Zin
The Shining One

Annotations:
D:5 1 transporter


Innate Abilities, Weirdness & Mutations

You are completely covered in rugged brown scales. (AC +3, +7% HP)
You have supernaturally acute eyesight. (SInv)
Armour fits poorly on your strangely shaped body.
You can roll at nearby foes to attack.
You have a long armoured tail.
You curl defensively after being hit. (AC +7*)


Message History

You hit the gnoll sergeant.
The gnoll sergeant is lightly wounded.
The gnoll sergeant hits you but does no damage.
The gnoll shouts!
You hear a shout!
The gnoll sergeant hits you but does no damage. x2
The gnoll is engulfed in poison gas.
The gnoll looks even sicker.
You kill the gnoll!
You slash the gnoll sergeant!
Your tail-slap misses the gnoll sergeant.
The gnoll sergeant is moderately wounded.
You closely miss the gnoll sergeant.
The gnoll sergeant hits you with the +3 trident of Tumult {venom, rPois Str-5 Dex+7}.
You are poisoned.
The gnoll throws a throwing net.
You block the throwing net.
The gnoll sergeant hits you but does no damage.
The gnoll sergeant hits you with the +3 trident of Tumult {venom, rPois Str-5 Dex+7}.
The gnoll sergeant hits you but does no damage.
You barely miss the gnoll sergeant.
The gnoll sergeant is moderately wounded.
You barely miss the gnoll sergeant.
You feel very sick.
A nearby plant withers and dies.
The gnoll sergeant hits you with the +3 trident of Tumult {venom, rPois Str-5 Dex+7}!
The gnoll sergeant hits you but does no damage.
You slash the gnoll sergeant!
The gnoll sergeant is heavily wounded.
You hit the gnoll sergeant.
You feel sick.
The gnoll sergeant looks more healthy.
You block the gnoll sergeant's attack.
The gnoll sergeant hits you but does no damage.
You slash the gnoll sergeant! You tail-slap the gnoll sergeant.
You kill the gnoll sergeant!
You closely miss the gnoll sergeant.
You feel sick.
The gnoll is poisoned.
The gnoll sergeant hits you but does no damage.
Unknown command.
You hit the gnoll sergeant but do no damage.
The gnoll sergeant is severely wounded.
You feel sick.
The gnoll zaps a wand.
The bolt of dispelling energy hits you!
* * * LOW HITPOINT WARNING * * *
The gnoll sergeant hits you with a +0 spear!
You die...

≈≈≈≈≈≈≈≈...≈≈≈≈≈≈≈≈≈≈≈..
≈≈≈≈≈≈≈≈...≈≈≈≈≈≈≈≈≈≈≈..
####...........#####≈≈..
.8g#.###.©.###.#g8g#≈≈..
...###©#####.###...#≈≈..
.. ....☼°......###≈≈..
######g######.#8.≈≈..
##°#.☼○#))8# [.# ##.≈≈..
#.°'.§g@)©⌠# .
##.#.⌠§#)°8# ######☼##
.. .. .°.. ... ##. ####.
.8 #.## .©. # # # .. ...
≈≈ ≈≈ ≈≈≈≈


You could see a gnoll sergeant and a gnoll (poisoned).

Vanquished Creatures
  An ogre (D:4)
  A necrophage (D:5)
  A gnoll sergeant (D:5)
  A scorpion (D:5)
  Crazy Yiuf (D:5)
  2 gnoll shamans
  A jelly (D:5)
  A hound (D:4)
  Jessica (D:3)
  3 iguanas (D:5)
  9 gnolls
  5 adders
  A worm (D:3)
  2 orcs
  5 ball pythons
  7 endoplasms
  3 goblins
  5 hobgoblins
  3 quokkas
  4 bats
  9 kobolds
  5 rats
  A spectral orc (D:5)
72 creatures vanquished.

Vanquished Creatures (others)
  29 plants
29 creatures vanquished.

Grand Total: 101 creatures vanquished

Notes
Turn   | Place    | Note
-------+----------+-------------------------------------------
     0 | D:1      | sammy202020 the Palentonga Fighter began the quest for the
                  | Orb.
     0 | D:1      | Reached XP level 1. HP: 19/19 MP: 1/1
   102 | D:1      | Found a faded altar of an unknown god.
   221 | D:1      | You fall into a shaft and drop 1 floor!
   314 | D:2      | Reached XP level 2. HP: 25/25 MP: 2/2
  1088 | D:2      | Reached XP level 3. HP: 31/31 MP: 3/3
  1207 | D:2      | Identified a scroll of acquirement
  1207 | D:2      | Acquired the +3 barding "Kogrerchyqa" {rPois rC++ Dex+4}
  1427 | D:3      | Noticed Jessica
  1438 | D:3      | Killed Jessica
  1699 | D:3      | Reached XP level 4. HP: 39/39 MP: 4/4
  1952 | D:3      | Reached XP level 5. HP: 33/44 MP: 5/5
  2757 | D:4      | Noticed an ogre
  2763 | D:4      | Killed an ogre
  3239 | D:4      | Found a staircase to the Ecumenical Temple.
  3255 | D:4      | Reached XP level 6. HP: 52/52 MP: 6/6
  3264 | Temple   | Entered the Ecumenical Temple
  3660 | D:5      | Entered Level 5 of the Dungeon
  3871 | D:5      | Found a basalt altar of Yredelemnul.
  4082 | D:5      | Found a runed translucent door.
  4083 | D:5      | Identified the +7 hammer "Hygudumyn" {pain, rPois Will+}
  4083 | D:5      | Noticed Crazy Yiuf
  4156 | D:5      | Killed Crazy Yiuf
  4328 | D:5      | Reached skill level 5 in Fighting
  4344 | D:5      | Found a stormy altar of Qazlal.
  4364 | D:5      | Gained mutation: You curl defensively after being hit. (AC
                  | +7*) [Palentonga growth]
  4364 | D:5      | Reached XP level 7. HP: 23/59 MP: 7/7
  4572 | D:5      | Found a transporter.
  4593 | D:5      | Found a hide-covered altar of Uskayaw.
  4701 | D:5      | Found a transporter.
  4710 | D:5      | Identified the +3 trident of Tumult {venom, rPois Str-5
                  | Dex+7}
  4710 | D:5      | Paralysed by a gnoll for 2 turns
  4716 | D:5      | Reached skill level 5 in Axes
  4723 | D:5      | Slain by a gnoll sergeant

Illustrated notes

Levels and vault maps discovered:
D:1:      co_arrival_random_square_maze, layout_basic,
          shapermc_ecumenical_altar_mp_urbaneastern, hangedman_decor_points
D:2:      layout_basic, st_stairs_10
D:3:      layout_basic, serial_co_window_serial, co_window_corner_a,
          co_window_corner_a, co_window_paths_b, co_window_corner_a,
          co_window_corner_a, co_window_unsneaky_path_e, co_window_2corner,
          co_window_broadway_c, co_window_corner_cb, co_window_2corner,
          co_window_corner_b, co_window_4corner_b, co_window_paths_e,
          glass_columns_a, glass_columns_a, glass_columns_a, glass_columns_b,
          glass_columns_b, ebering_dispersal_statue_hall, nicolae_grassy_gnolls,
          uniq_jessica
D:4:      layout_cave_pools, temple_pool_b
D:5:      layout_basic, amcnicky_altar_gilded,
          yredelemnul_forgotten_temple_becter, nicolae_uskayaw_suspiria,
          gammafunk_ghost_gnarly_gnolls, uniq_crazy_yiuf_cottage
Temple:   nicolae_temple_no_exploring_needed

Skill      XL: |  1  2  3  4  5  6  7 |
---------------+----------------------+-----
Shields        | 3 |  3.9
Axes           | 3 4 5 |  5.1
Fighting       | 4 5 |  5.5
Armour         | 3 |  3.6

Action                   |  1- 3 |  4- 6 |  7- 9 || total
-------------------------+-------+-------+-------++-------
Melee: War axe           |    76 |   113 |    10 ||   199
       Tailslap          |     7 |    14 |     2 ||    23
       Mace              |       |     4 |       ||     4
 Abil: Rolling Charge    |     2 |       |       ||     2
  Use: Scroll            |     9 |     5 |     3 ||    17
       Potion            |       |     2 |       ||     2
Armor: Scale mail        |    49 |    87 |    10 ||   146
Dodge: Dodged            |    26 |    29 |     2 ||    57
Block: Buckler           |    12 |    27 |     6 ||    45

Table legend: (Time is in decaauts)
 A = Elapsed time spent in this place.
 B = Non-inter-level travel time spent in this place.
 C = Inter-level travel time spent in this place.
 D = Time resting spent in this place.
 E = Time spent auto-exploring this place.
 F = Levels seen in this place.
 G = Mean time per level.
                   A        B        C        D        E       F      G
               +--------+--------+--------+--------+--------+-----+--------+
         Total |   4806 |   4729 |     77 |    645 |   3338 |   6 |  801.0 |
       Dungeon |   4786 |   4709 |     77 |    645 |   3338 |   5 |  957.2 |
        Temple |     20 |     20 |      0 |      0 |      0 |   1 |   20.0 |
               +--------+--------+--------+--------+--------+-----+--------+

Top non-repeatable levels by time:
     D:3: 1814 daAuts
     D:2: 1142 daAuts
     D:5: 1082 daAuts
     D:4: 523 daAuts
     D:1: 223 daAuts
  Temple: 20 daAuts
